AoeStats
← SirEscara19

Migration

509655853Analyzed
1v1 RM · 6d ago on Sep 27, 2026· 68m 53s· 2 players
Game mode
Random Map
Map size
132×132
Population
200
Speed
Normal
Resources
Standard
Victory
Conquest
Starting age
Dark Age
Ending age
Imperial Age
RankedLock teamsTeams togetherTeam positionsShared explorationLock speedFull tech treeHidden civsTurbo modeCheats
Victory
Defeat
🇨🇿 Vikings · Czechia
815
+22
🇺🇾 Byzantines · Uruguay
834
-17
count von count
0:38 Loom
11:45 Feudal Age
14:09 Man-at-Arms
17:01 Forging
17:22 Double-Bit Axe
22:06 Castle Age
22:41 Long Swordsman
23:22 Squires
22:42 Pikeman
23:57 Stone Mining
24:06 Gold Mining
26:07 Scale Mail Armor
31:49 Imperial Age
32:10 Gold Shaft Mining
31:51 Bow Saw
37:34 Two-Man Saw
36:54 Elite Varangian Guard
40:11 Ballistics
58:58 Chemistry
57:48 Heated Shot
57:55 Murder Holes
66:34 Onager
67:58 Elite Longship
SirEscara19
11:33 Feudal Age
11:22 Loom
13:13 Wheelbarrow
12:27 Double-Bit Axe
20:20 Castle Age
18:55 Fletching
19:45 Fishing Lines
20:46 Gold Mining
22:31 Bow Saw
24:56 Medium Warships
25:08 Bodkin Arrow
27:28 Hand Cart
27:17 Horse Collar
30:54 Murder Holes
30:39 Treadmill Crane
32:19 Scale Mail Armor
32:30 Forging
36:04 Imperial Age
38:15 Conscription
44:12 Two-Man Saw
44:16 Chemistry
43:37 Ballistics
52:44 Hoardings
51:37 Pikeman
52:18 Squires
56:05 Padded Archer Armor
56:06 Bracer
56:22 Chain Mail Armor
58:28 Iron Casting
58:55 Elite Skirmisher
Connection lost

Rejoining the realm…

Still unreachable

The connection could not be restored.

Session expired

The server has moved on; the page needs a fresh start.